 Dungeon Crawl Stone Soup version 0.25.0-11-g1f837a76a1 (webtiles) character file.

Game seed: 5826702215335316323

2527 sanka the Fighter (level 9, -2/102 HPs)
             Began as an Ogre Enchanter on June 24, 2020.
             Was a Believer of Ru.
             Slain by a two-headed ogre
             ... wielding a +0 giant club
              (17 damage)
             ... on level 8 of the Dungeon on June 25, 2020.
             The game lasted 00:24:57 (10627 turns).

sanka the Fighter (Ogre Enchanter)                 Turns: 10627, Time: 00:24:57

Health: -2/102     AC:  9    Str: 17    XL:     9   Next: 54%
Magic:  13/13      EV: 10    Int: 16    God:    Ru [**....]
Gold:   369        SH:  0    Dex:  9    Spells: 7/14 levels left

rFire    . . .     SeeInvis .   a - +0 giant club
rCold    . . .     Gourm    .   (shield currently unavailable)
rNeg     . . .     Faith    .   F - +2 robe {MR+}
rPois    .         Spirit   .   (helmet restricted)
rElec    .         Reflect  .   E - scarf {repulsion}
rCorr    .         Harm     .   (gloves unavailable)
MR       +....                  (boots unavailable)
Stlth    ..........             H - amulet of regeneration
HPRegen  0.67/turn              J - +4 ring of protection
MPRegen  0.13/turn              g - ring of wizardry

@: repel missiles
A: large, unfitting armour, tough skin 1, no stealth, hated by all
a: Renounce Religion


You were on level 8 of the Dungeon.
You worshipped Ru.
Ru was pleased with you.
You were near starving.

You visited 1 branch of the dungeon, and saw 8 of its levels.

You collected 369 gold pieces.


Innate Abilities, Weirdness & Mutations

You are too large for most types of armour.
You have tough skin. (AC +1)
You cannot be stealthy.
You are hated by all.


   Skills:
 + Level 10.9 Fighting
 - Level 0.8 Short Blades
 * Level 7.8 Maces & Flails
 - Level 1.7 Dodging
 - Level 3.0 Spellcasting
 - Level 4.0 Hexes


You had 7 spell levels left.
You knew the following spells:

 Your Spells              Type           Power        Failure   Level  Hunger
z - Confusing Touch       Hex            ###.....     4%          3    ###....
X - Tukima's Dance        Hex            ###.....     4%          3    ###....
Z - Corona                Hex            ###....      1%          1    #......

Your spell library contained the following spells:

 Spells                   Type           Power        Failure   Level  Hunger
 Ensorcelled Hibernation  Hex/Ice        #.....       4%          2    ##.....
 Apportation              Tloc           #.....       8%          1    #......
 Beastly Appendage        Tmut           #.....       8%          1    #......
 Dazzling Flash           Conj/Hex       #.....       10%         3    ###....
 Spider Form              Tmut/Pois      #.........   22%         3    ###....
 Ice Form                 Ice/Tmut       #.......     56%         4    #####..
 Silence                  Hex/Air        #.........   63%         5    ######.
 Blade Hands              Tmut           #.........   87%         5    ######.
 Excruciating Wounds      Chrm/Necr      #.........   87%         5    ######.
 Animate Skeleton         Necr           Unusable     N/A         1    N/A
 Summon Small Mammal      Summ           Unusable     N/A         1    N/A
 Sticks to Snakes         Tmut           Unusable     N/A         2    N/A

Inventory:

Hand Weapons
 a - a +0 giant club (weapon)
 q - the +6 quarterstaff of the Blessed Realm {vorpal, rC+ Int+2}

   It inflicts extra damage upon your enemies.
   It affects your intelligence (+2).
   It protects you from cold.
 w - a +1 dagger
 A - a +0 morningstar
Missiles
 c - 243 stones (quivered)
 m - 31 poisoned darts
Armour
 E - a scarf of repulsion (worn)
 F - a +2 robe of magic resistance (worn)
Magical Staves
 D - an uncursed staff of air
Jewellery
 f - an uncursed ring of positive energy
 g - a ring of wizardry (right hand)
 p - an uncursed amulet of reflection
 u - an uncursed ring of protection from fire
 C - an uncursed ring of ice
 H - an amulet of regeneration (around neck)
 J - a +4 ring of protection (left hand)
Wands
 s - a wand of paralysis (3)
Scrolls
 e - a scroll of fog
 j - 3 scrolls of teleportation {@r4}
 l - 2 scrolls of enchant armour
 o - 2 scrolls of blinking
 v - 2 scrolls of enchant weapon
 y - a scroll of immolation {!r}
 G - a scroll of remove curse
 K - a scroll of identify {@r1}
 L - a scroll of vulnerability {!r}
 M - a scroll of summoning {unknown}
Potions
 b - a potion of might {unknown}
 h - 2 potions of ambrosia
 i - a potion of curing {unknown}
 k - a potion of invisibility {unknown}
 n - a potion of brilliance {unknown}
 r - a potion of cancellation {unknown}
 t - 3 potions of magic
 x - a potion of heal wounds {unknown}
 z - 2 potions of degeneration {unknown}
 B - 2 potions of mutation {unknown}
 I - 3 potions of haste {unknown}
Comestibles
 d - 12 rations

Dungeon Overview and Level Annotations

Branches:
Dungeon (8/15)             Temple (0/1) D:6
   Lair: D:8-11

Altars:
Ashenzari
Dithmenos
Fedhas
Okawaru
Ru
Sif Muna
Wu Jian
Yredelemnul
Zin
The Shining One

Annotations:
D:2 exclusions: water moccasin and zombie
D:3 2 runed translucent doors, exclusion: centaur, Enish's ghost, amateur DDFi

▒▒ ▒▒....▒ ▒▒▒.
▒....▒▒ ....
▒▒▒.....▒ ▒..▒
▒▒▒▒▒.......▒▒
▒...▒▒....▒▒▒▒....▒
▒...▒▒▒▒ ▒▒...▒
▒..▒▒ ▒▒...▒ ▒▒.▒▒
▒▒...▒▒ ▒.
▒..▒▒▒▒▒▒O....▒ .▒
▒.......O..▒..▒ .▒
▒▒▒▒▒▒▒▒.>▒▒▒▒.▒
.▒▒▒▒▒▒▒▒▒ ▒▒.▒ ▒.▒
.........▒ ▒.▒ ▒..
..>.▒▒▒..▒▒▒▒▒▒▒.▒▒
.. ....▒
▒▒..........▒▒
....▒▒
▒▒▒▒▒▒▒.....▒
.....▒ ▒▒........


You could see a two-headed ogre.


Message History

You hit the two-headed ogre.
The two-headed ogre is severely wounded.
The two-headed ogre hits you with a +0 giant club!!
* * * LOW HITPOINT WARNING * * *
The two-headed ogre closely misses you.
Unknown command.
Your hands begin to glow red.
Unknown command.
You hit the two-headed ogre but do no damage.
The two-headed ogre is heavily wounded.
The two-headed ogre hits you with a +0 giant club!
* * * LOW HITPOINT WARNING * * *
The two-headed ogre hits you with a +0 giant spiked club!
* * * LOW HITPOINT WARNING * * *
You focus your will and illuminate the two-headed ogre in retribution!
You hit the two-headed ogre but do no damage.
The two-headed ogre is heavily wounded.
The two-headed ogre hits you but does no damage.
The two-headed ogre hits you with a +0 giant spiked club!!
* * * LOW HITPOINT WARNING * * *
The two-headed ogre stops glowing.
Your hands stop glowing.
You are near starving!
The two-headed ogre hits you with a +0 giant club!!
* * * LOW HITPOINT WARNING * * *
The two-headed ogre hits you with a +0 giant spiked club!
You die...

Action                   |  1- 3 |  4- 6 |  7- 9 || total
-------------------------+-------+-------+-------++-------
Melee: Dagger            |   161 |     6 |       ||   167
       Quarterstaff      |       |   179 |   128 ||   307
       Unarmed           |       |     2 |       ||     2
       Morningstar       |       |       |    61 ||    61
       Giant club        |       |       |   127 ||   127
Throw: Stone             |     2 |       |     4 ||     6
 Cast: Confusing Touch   |     4 |    12 |    14 ||    30
Invok: Sacrifice Love    |       |       |     1 ||     1
       Sacrifice Stealth |       |       |     1 ||     1
  Use: Scroll            |       |     4 |     6 ||    10
       Potion            |       |     1 |       ||     1
 Stab: Sleeping          |     4 |       |       ||     4
       Confused          |     4 |     5 |     7 ||    16
       Paralysed         |       |     2 |       ||     2
       Invisible         |       |     1 |       ||     1
       Distracted        |       |       |     1 ||     1
  Eat: Chunk             |     3 |    12 |    11 ||    26
       Ration            |       |       |     2 ||     2
Armor: Robe              |    39 |    24 |    75 ||   138
       Skin              |       |     4 |       ||     4
Dodge: Dodged            |    78 |    78 |   109 ||   265
       Repelled          |       |       |     4 ||     4
Block: Other             |       |    48 |    39 ||    87
       Reflection        |       |     3 |       ||     3

Levels and vault maps discovered:
D:1:      wander_arrival_abandoned_jail, layout_loops_ring, minivault_23,
          feat_on_display
D:2:      layout_basic
D:3:      layout_loops_ring, nicolae_ru_great_annihilating_truth,
          fedhas_altar_3, lemuel_doored_altar, ebering_ghost_disaster_area,
          first_ration, uniq_ijyb, uniq_sigmund
D:4:      layout_basic, ashenzari_conservatory_becter
D:5:      layout_basic, overflow_temple_1_default,
          chequers_temple_overflow_minitemple, uniq_blork_the_orc
D:6:      layout_loops_ring, minmay_temple_entry_poolview
D:7:      layout_loops_corners, grunt_temple_overflow_holy_war
D:8:      layout_layer_cave, uniq_harold

Notes
Turn   | Place    | Note
-------+----------+-------------------------------------------
     0 | D:1      | sanka the Ogre Enchanter began the quest for the Orb.
     0 | D:1      | Reached XP level 1. HP: 16/16 MP: 3/3
   428 | D:1      | Reached XP level 2. HP: 24/24 MP: 5/5
   438 | D:1      | Reached skill level 3 in Hexes
   751 | D:1      | Reached skill level 3 in Spellcasting
  1490 | D:2      | Reached XP level 3. HP: 28/31 MP: 7/7
  1495 | D:2      | Learned a level 3 spell: Confusing Touch
  1499 | D:2      | Learned a level 3 spell: Tukima's Dance
  1590 | D:2      | Reached skill level 1 in Fighting
  2003 | D:2      | Noticed a water moccasin
  2086 | D:2      | Reached skill level 2 in Fighting
  2086 | D:2      | Reached XP level 4. HP: 36/42 MP: 4/8
  3073 | D:3      | Noticed Sigmund
  3115 | D:3      | Found a sacrificial altar of Ru.
  3140 | D:3      | Reached skill level 3 in Fighting
  3140 | D:3      | Reached skill level 4 in Hexes
  3140 | D:3      | Reached XP level 5. HP: 48/53 MP: 6/9
  3194 | D:3      | Became a worshipper of Ru the Awakened
  3210 | D:3      | Found a blossoming altar of Fedhas.
  3446 | D:3      | Found a shadowy altar of Dithmenos.
  3466 | D:3      | Reached skill level 4 in Fighting
  4345 | D:3      | Noticed Ijyb
  4350 | D:3      | Paralysed by Ijyb for 4 turns
  4371 | D:3      | Killed Ijyb
  4371 | D:3      | Reached skill level 5 in Fighting
  4561 | D:3      | Noticed a centaur
  4594 | D:3      | Found a large runed translucent door.
  4594 | D:3      | Found a large runed translucent door.
  4597 | D:3      | Noticed Enish's ghost (amateur DDFi)
  4790 | D:3      | Killed Sigmund
  4790 | D:3      | Reached skill level 7 in Fighting
  4790 | D:3      | Reached XP level 6. HP: 71/71 MP: 8/10
  5127 | D:4      | Found a shattered altar of Ashenzari.
  5244 | D:4      | Reached XP level 7. HP: 69/79 MP: 8/11
  5538 | D:4      | Reached skill level 8 in Fighting
  5538 | D:4      | Reached skill level 1 in Maces & Flails
  5679 | D:4      | Reached skill level 2 in Maces & Flails
  5744 | D:4      | Gained mutation: You are hated by all. [Ru sacrifice]
  5744 | D:4      | Reached * piety under Ru
  6248 | D:5      | Entered Level 5 of the Dungeon
  6248 | D:5      | Noticed Blork the orc
  6265 | D:5      | Killed Blork the orc
  6265 | D:5      | Reached skill level 3 in Maces & Flails
  6501 | D:5      | Reached XP level 8. HP: 86/91 MP: 9/12
  6525 | D:5      | Identified Sif Muna's Grimoire of Fetching Good Luck
  6742 | D:5      | Reached skill level 9 in Fighting
  6742 | D:5      | Reached skill level 4 in Maces & Flails
  6855 | D:5      | Found a faded altar of an unknown god.
  6855 | D:5      | Found a faded altar of an unknown god.
  7026 | D:5      | Found an ornate altar of the Wu Jian Council.
  7031 | D:5      | Found a glowing silver altar of Zin.
  7033 | D:5      | Found a shimmering blue altar of Sif Muna.
  7067 | D:5      | Got a smoking quarterstaff
  7068 | D:5      | Identified the +6 quarterstaff of the Blessed Realm
                  | {vorpal, rC+ Int+2} (You found it on level 5 of the
                  | Dungeon)
  7631 | D:5      | Found an iron altar of Okawaru.
  8019 | D:6      | Reached skill level 5 in Maces & Flails
  8526 | D:6      | Found a staircase to the Ecumenical Temple.
  9047 | D:7      | Noticed a hippogriff
  9047 | D:7      | Noticed a hippogriff
  9059 | D:6      | Killed a hippogriff
  9059 | D:6      | Reached skill level 6 in Maces & Flails
  9088 | D:7      | Killed a hippogriff
  9088 | D:7      | Reached skill level 10 in Fighting
  9088 | D:7      | Reached XP level 9. HP: 84/101 MP: 10/13
  9432 | D:7      | Reached skill level 7 in Maces & Flails
  9481 | D:7      | Gained mutation: You cannot be stealthy. [Ru sacrifice]
  9481 | D:7      | Reduced skill Stealth to level 0
  9481 | D:7      | Reached ** piety under Ru
  9619 | D:7      | Found a glowing golden altar of the Shining One.
  9629 | D:7      | Found a basalt altar of Yredelemnul.
 10226 | D:7      | Noticed an angel
 10490 | D:8      | Noticed a two-headed ogre
 10510 | D:8      | HP: 7/102 [two-headed ogre/+0 giant club (26)]
 10579 | D:8      | HP: 1/102 [two-headed ogre/+0 giant club (21)]
 10627 | D:8      | Slain by a two-headed ogre

Vanquished Creatures
  2 hippogriffs
  Sigmund (D:3)
  2 orc warriors
  2 phantoms
  A sky beast (D:7)
  An ogre (D:5)
  2 centaurs (D:5)
  Blork the orc (D:5)
  A bullfrog (D:6)
  A scorpion (D:7)
  A howler monkey (D:4)
  2 bullfrog zombies
  A centaur zombie (D:8)
  2 centaur skeletons
  3 jellies
  A hound (D:4)
  9 orc wizards
  3 orc priests
  Ijyb (D:3)
  An iguana (D:6)
  7 worker ants
  A killer bee zombie (D:8)
  2 gnolls (D:5)
  A howler monkey skeleton (D:8)
  8 adders
  3 shadow imps
  An ooze (D:2)
  An adder zombie (D:7)
  2 dart slugs (D:3)
  5 leopard geckos
  21 orcs
  9 giant cockroaches
  3 goblins
  A hobgoblin (D:2)
  8 jackals
  6 quokkas
  A ball python (D:3)
  5 bats
  3 frilled lizards
  10 kobolds
  A leopard gecko skeleton (D:4)
  A leopard gecko zombie (D:6)
  A quokka skeleton (D:4)
  3 rats
142 creatures vanquished.

Vanquished Creatures (others)
  A gnoll (D:5)
1 creature vanquished.

Grand Total: 143 creatures vanquished
